 Dungeon Crawl Stone Soup version 0.30.0-16-gbe6223bb7e (webtiles) character file.

Game seed: 8491592229231734821

11155 SexyEnough the Geomancer (level 11, -1/64 HPs)
             Began as a Gargoyle Earth Elementalist on May 21, 2023.
             Was a Believer of Vehumet.
             Slain by a blink frog (13 damage)
             ... on level 2 of the Lair of Beasts.
             The game lasted 01:46:36 (14458 turns).

SexyEnough the Geomancer (GrEE)                    Turns: 14458, Time: 01:46:38

Health: -1/64      AC: 13    Str: 24    XL:     11   Next: 73%
Magic:  3/24       EV:  9    Int: 20    God:    Vehumet [**....]
Gold:   716        SH:  4    Dex: 12    Spells: 13/28 levels left

rFire   . . .        i - +2 dagger (venom)
rCold   . . .        (no shield)
rNeg    + . .        t - +0 robe {Archmagi}
rPois   ∞            F - +0 helmet
rElec   +            E - +0 cloak
rCorr   .            (no gloves)
SInv    .            y - +0 pair of boots of the Devil's Team {rPois Regen+ Dex+2 Stlth-}
Will    .....        l - amulet of regeneration
Stlth   +            D - +6 ring of strength
HPRegen 1.90/turn    n - +6 ring of strength
MPRegen 0.19/turn

%: random rage (3%), archmagi
@: about to teleport, weak-willed, constricted
A: sickness immunity, AC +8, negative energy resistance 1, electricity
resistance, torment resistance 1, petrification resistance, large bone plates 1,
berserk 1, mutation resistance 1
a: Renounce Religion


You were on level 2 of the Lair of Beasts.
You worshipped Vehumet.
Vehumet was pleased with you.
You visited 3 branches of the dungeon, and saw 13 of its levels.

You collected 716 gold pieces.

Inventory:

Hand Weapons
 i - a +2 dagger of venom (weapon)
 C - a +3 falchion of draining
Armour
 a - a +0 robe
 p - a +1 robe of fire resistance
 t - a +0 robe of the Archmagi (worn)
 x - a +0 pair of boots
 y - the +0 pair of boots of the Devil's Team (worn) {rPois Regen+ Dex+2 Stlth-}
   (You found it on level 6 of the Dungeon)

   Dex:       It affects your dexterity (+2).
   rPois:     It protects you from poison.
   Regen:     It increases your rate of health regeneration.
   Stlth:     It makes you less stealthy.
 B - a +0 leather armour of cold resistance
 E - a +0 cloak (worn)
 F - a +0 helmet (worn)
Magical Staves
 M - a staff of air
Jewellery
 f - a ring of fire
 l - an amulet of regeneration (around neck)
 n - a +6 ring of strength (right hand)
 r - an amulet of reflection
 D - a +6 ring of strength (left hand)
Wands
 s - a wand of polymorph (2)
 z - a wand of iceblast (12)
 G - a wand of acid (12) (quivered)
 K - a wand of paralysis (4)
Scrolls
 b - a scroll of enchant weapon
 c - 3 scrolls of immolation
 g - 2 scrolls of magic mapping
 h - a scroll of poison
 j - a scroll of amnesia
 m - a scroll of noise {unknown}
 o - a scroll of teleportation
 A - a scroll of silence {unknown}
 H - a scroll of butterflies {unknown}
 J - a scroll of brand weapon {unknown}
Potions
 e - 2 potions of attraction
 q - 4 potions of curing
 u - 3 potions of cancellation
 v - 3 potions of flight
 I - a potion of magic
 L - 2 potions of berserk rage {unknown}
 O - a potion of brilliance {unknown}
Miscellaneous
 N - a piece from Xom's chessboard (15/15)


   Skills:
 + Level 5.9 Fighting
 + Level 2.0 Dodging
 - Level 4.1 Stealth
 + Level 9.4 Spellcasting
 - Level 10.0 Conjurations
 + Level 2.1 Hexes
 - Level 2.9 Transmutations
 - Level 12.0 Earth Magic


You had 13 spell levels left.
You knew the following spells:

 Your Spells              Type           Power      Damage    Failure   Level
a - Sandblast             Erth           100%       2d20      1%          1
b - Stone Arrow           Conj/Erth      100%       3d13      1%          3
c - Petrify               Tmut/Erth      56%        N/A       3%          4
d - Foxfire               Conj/Fire      100%       2x1d9     1%          1
e - Passwall              Tmut/Erth      46%        N/A       1%          2
f - Necrotise             Necr           56%        1d6       8%          1
g - Summon Guardian Gole  Hex/Summ       20%        N/A       14%         3

Your spell library contained the following spells:

 Spells                   Type           Power      Damage    Failure   Level
 Static Discharge         Conj/Air       88%        2-6/arc   1%          2
 Kiss of Death            Conj/Necr      100%       2d13      1%          1
 Summon Small Mammal      Summ           56%        N/A       8%          1
 Confusing Touch          Hex            27%        N/A       9%          3
 Lesser Beckoning         Tloc           28%        N/A       11%         2
 Inner Flame              Hex/Fire       20%        N/A       14%         3
 Call Canine Familiar     Summ           14%        N/A       22%         3
 Gell's Gravitas          Tloc           14%        N/A       22%         3
 Teleport Other           Tloc           14%        N/A       22%         3
 Vampiric Draining        Necr           14%        2d7       22%         3
 Dispel Undead            Necr           14%        3d10      58%         4
 Yara's Violent Unravell  Hex/Tmut       14%        3d7       58%         5
 Agony                    Necr           14%        N/A       90%         5
 Death Channel            Necr           7%         N/A       100%        6
 Enfeeble                 Hex            13%        N/A       100%        7
 Cigotuvi's Dreadful Rot  Necr/Pois/Air  Unusable   N/A       N/A         2

Dungeon Overview and Level Annotations

Branches:
Dungeon (10/15)            Temple (1/1) D:5            Lair (2/5) D:10
    Orc (0/2) D:9
  Swamp: Lair:2-3    Shoals: Lair:2-3     Snake: Lair:2-3    Spider: Lair:2-3

Altars:
Ashenzari
Cheibriados
Dithmenos
Elyvilon
Fedhas
Gozag
Hepliaklqana
Kikubaaqudgha
Makhleb
Nemelex Xobeh
Okawaru
Qazlal
Ru
Sif Muna
Trog
Uskayaw
Vehumet
Wu Jian
Xom
Yredelemnul
Zin
The Shining One

Annotations:
D:10 3 runed translucent doors, AverageBear's ghost, journeyman HOMo


Innate Abilities, Weirdness & Mutations

You are immune to sickness and miasma.
Your stone body is resilient. (AC +8)
You are immune to poison.
You resist negative energy. (rN+)
You are resistant to electric shocks. (rElec)
You are resistant to unholy torment.
You are immune to petrification.
You are partially covered in large bone plates. (SH +4)
You sometimes lose your temper in combat.
You are somewhat resistant to further mutation.


Message History

The naga constricts you.
You hit the naga but do no damage.
The naga is heavily wounded.
The blink frog blinks!
The bullfrog barely misses you.
The naga hits you with a +2 heavy scimitar.
The naga constricts you.
You hit the naga.
The naga is heavily wounded.
The blink frog blinks!
The bullfrog hits you.
You completely miss the naga.
The naga is heavily wounded.
The bullfrog hits you but does no damage.
The naga barely misses you. The naga constricts you.
You barely miss the naga.
The naga is heavily wounded.
The naga spits poison at you. The splash of poison misses you.
The naga constricts you.
You hit the naga but do no damage.
The naga is heavily wounded.
The blink frog hits you but does no damage.
The blink frog barely misses you.
The naga hits you with a +2 heavy scimitar!
The naga constricts you.
* * * LOW HITPOINT WARNING * * *
As you read the scroll of teleportation, it crumbles to dust.
You feel strangely unstable. The bullfrog closely misses you.
The blink frog hits you!
* * * LOW HITPOINT WARNING * * *
The blink frog barely misses you. The bullfrog misses you.
The blink frog hits you.
* * * LOW HITPOINT WARNING * * *
The blink frog blinks!
You feel much better. The blink frog hits you. The bullfrog closely misses you.
The naga hits you with a +2 heavy scimitar!!
* * * LOW HITPOINT WARNING * * *
The naga constricts you.
As you read the scroll of vulnerability, it crumbles to dust.
Magic quickly surges around you. The bullfrog closely misses you.
The blink frog blinks!
The blink frog hits you!
You die...

.............###
.#.#............#
#...............#
..............###
#..~≈~†.......#
#.≈~≈≈.).....##
.≈~≈≈÷~~...###
....~≈≈≈≈FNF.##
.....~≈≈≈~†@§.#
..?..~≈≈≈~.F..##
.......≈≈≈≈~..#.#
........~~≈≈≈~..##
#.........~~≈≈~.##
#...........~~~~..# ####..
##.................##......
..............#####....#
............!#.#....####


You could see 2 blink frogs, a naga (weak-willed) and a bullfrog (weak-willed).

Vanquished Creatures
  2 two-headed ogres
  A centaur warrior (D:10)
  Pikel (D:6)
  An ugly thing (D:10)
  A cane toad (Lair:1)
  3 komodo dragons
  A troll (D:10)
  2 blink frogs (Lair:2)
  2 shadows
  2 wyverns
  2 wraiths (D:9)
  A vampire (D:9)
  Eustachio (D:6)
  12 yaks
  A basilisk (Lair:2)
  Menkaure (D:5)
  A naga (Lair:2)
  A water moccasin (D:6)
  Duvessa (D:4)
  4 orc warriors
  A sky beast (D:8)
  2 ice beasts (D:8)
  A lemure (D:6)
  5 centaurs
  An ogre (D:3)
  Blork the orc (D:5)
  7 bullfrogs
  A kobold brigand (D:7)
  A gnoll sergeant (D:8)
  2 scorpions
  5 wights (D:7)
  Dowan (D:4)
  4 killer bees (D:9)
  2 electric eels (Lair:2)
  A lava snake (D:10)
  A jelly (D:7)
  7 orc priests
  A gnoll bouda (D:9)
  5 hounds
  2 sleepcaps
  An iguana (D:6)
  10 orc wizards
  16 gnolls
  6 adders
  A white imp (D:6)
  An ufetubus (D:6)
  3 worms
  2 dart slugs (D:4)
  29 orcs
  2 bats
  5 endoplasms
  3 giant cockroaches
  10 goblins
  7 hobgoblins
  4 quokkas
  10 ball pythons
  A frilled lizard (D:3)
  15 kobolds
  4 rats
222 creatures vanquished.

Vanquished Creatures (others)
  An iguana (D:5)
  99 foxfires
100 creatures vanquished.

Grand Total: 322 creatures vanquished

Notes
Turn   | Place    | Note
-------+----------+-------------------------------------------
     0 | D:1      | SexyEnough the Gargoyle Earth Elementalist began the quest
                  | for the Orb.
     0 | D:1      | Reached XP level 1. HP: 10/10 MP: 3/3
   182 | D:1      | Reached skill level 1 in Transmutations
   255 | D:1      | Reached XP level 2. HP: 15/15 MP: 3/5
   341 | D:1      | Reached skill level 4 in Earth Magic
  1061 | D:2      | Reached XP level 3. HP: 19/19 MP: 2/6
  1282 | D:2      | Found an ornate altar of the Wu Jian Council.
  1824 | D:3      | Reached XP level 4. HP: 24/24 MP: 5/8
  1980 | D:3      | Learned a level 3 spell: Stone Arrow
  2285 | D:3      | Reached XP level 5. HP: 28/28 MP: 2/9
  2472 | D:3      | Reached skill level 5 in Earth Magic
  2605 | D:3      | Noticed an ogre
  2610 | D:3      | Killed an ogre
  2990 | D:4      | Reached XP level 6. HP: 32/32 MP: 7/11
  2991 | D:4      | Noticed Dowan
  3037 | D:4      | Noticed Duvessa
  3211 | D:4      | You fall into a shaft and drop 2 floors!
  3345 | D:6      | Identified the +0 pair of boots of the Devil's Team {rPois
                  | Regen+ Dex+2 Stlth-}
  3535 | D:5      | Entered Level 5 of the Dungeon
  3535 | D:5      | Noticed Blork the orc
  3573 | D:6      | Reached skill level 1 in Conjurations
  3746 | D:5      | Killed Blork the orc
  3747 | D:5      | Reached skill level 6 in Earth Magic
  3747 | D:5      | Reached XP level 7. HP: 36/36 MP: 6/13
  3776 | D:5      | Noticed Menkaure
  4114 | D:6      | Noticed Eustachio
  4120 | D:6      | Learned a level 4 spell: Petrify
  4127 | D:6      | Killed Eustachio
  4578 | D:6      | Reached skill level 7 in Earth Magic
  4667 | D:5      | Reached skill level 5 in Spellcasting
  4667 | D:5      | Reached XP level 8. HP: 41/41 MP: 8/15
  4674 | D:5      | Noticed Pikel
  4680 | D:6      | Gained mutation: Potions are less effective at restoring
                  | your health. [potion of mutation]
  4680 | D:6      | Gained mutation: Your magical capacity is low. (-10% MP)
                  | [potion of mutation]
  4681 | D:6      | Lost mutation: Potions are less effective at restoring your
                  | health. [potion of mutation]
  4681 | D:6      | Lost mutation: Your magical capacity is low. (-10% MP)
                  | [potion of mutation]
  4681 | D:6      | Gained mutation: Armour fits poorly on your strangely
                  | shaped body. [potion of mutation]
  4681 | D:6      | Gained mutation: You are weak. (Str -2) [potion of
                  | mutation]
  4681 | D:6      | Gained mutation: Your large and strong wings let you fly.
                  | [potion of mutation]
  4682 | D:6      | Lost mutation: You are weak. (Str -2) [potion of mutation]
  4682 | D:6      | Lost mutation: Armour fits poorly on your strangely shaped
                  | body. [potion of mutation]
  4682 | D:6      | Lost mutation: Your large and strong wings let you fly.
                  | [potion of mutation]
  4682 | D:6      | Gained mutation: You sometimes lose your temper in combat.
                  | [potion of mutation]
  4683 | D:6      | Lost mutation: You sometimes lose your temper in combat.
                  | [potion of mutation]
  4683 | D:6      | Gained mutation: You are partially covered in large bone
                  | plates. (SH +4) [potion of mutation]
  4683 | D:6      | Gained mutation: You sometimes lose your temper in combat.
                  | [potion of mutation]
  4683 | D:6      | Gained mutation: You are somewhat resistant to further
                  | mutation. [potion of mutation]
  4986 | D:6      | Killed Pikel
  4987 | D:6      | Reached skill level 5 in Conjurations
  4987 | D:6      | Reached skill level 8 in Earth Magic
  5303 | D:5      | Killed Menkaure
  5304 | D:5      | Reached XP level 9. HP: 39/45 MP: 14/18
  5529 | D:5      | Found a staircase to the Ecumenical Temple.
  5538 | Temple   | Entered the Ecumenical Temple
  5613 | Temple   | Became a worshipper of Vehumet
  6331 | D:4      | Killed Dowan
  6336 | D:4      | Killed Duvessa
  6775 | D:8      | Reached skill level 9 in Earth Magic
  6870 | D:8      | Reached * piety under Vehumet
  6870 | D:8      | Offered knowledge of Foxfire by Vehumet.
  7144 | D:8      | Learned a level 1 spell: Foxfire
  7835 | D:7      | Reached skill level 10 in Earth Magic
  8230 | D:7      | Reached XP level 10. HP: 39/50 MP: 5/21
  9126 | D:7      | Learned a level 2 spell: Passwall
  9128 | D:7      | Learned a level 1 spell: Necrotise
  9227 | D:9      | Found a staircase to the Orcish Mines.
  9262 | D:9      | Reached skill level 1 in Fighting
  9566 | D:9      | Noticed a two-headed ogre
  9574 | D:9      | Killed a two-headed ogre
  9575 | D:9      | Reached skill level 11 in Earth Magic
  9678 | D:9      | Noticed a skeletal warrior
  9682 | D:9      | Noticed a manticore
  9683 | D:9      | Noticed a cyclops
  9691 | D:9      | Noticed a tengu warrior
  9692 | D:9      | Noticed a centaur warrior
  9692 | D:9      | Noticed an eight-headed hydra
  9693 | D:9      | Noticed a skeletal warrior
  9719 | D:9      | Noticed a centaur warrior
  9990 | D:9      | Noticed a centaur warrior
 10242 | D:9      | Offered knowledge of Static Discharge by Vehumet.
 10244 | D:9      | Reached ** piety under Vehumet
 10949 | D:10     | Entered Level 10 of the Dungeon
 11387 | D:10     | Reached XP level 11. HP: 52/61 MP: 9/23
 11936 | D:10     | Found a runed translucent gate.
 11936 | D:10     | Found a runed translucent gate.
 11936 | D:10     | Found a runed translucent gate.
 11948 | D:10     | Noticed a two-headed ogre
 11950 | D:10     | Noticed a centaur warrior
 11996 | D:10     | Killed a two-headed ogre
 12664 | D:10     | Killed a centaur warrior
 12856 | D:10     | Found an ancient bone altar of Kikubaaqudgha.
 12899 | D:10     | Noticed a centaur warrior
 12899 | D:10     | Noticed an eight-headed hydra
 12899 | D:10     | Noticed a tengu warrior
 12899 | D:10     | Noticed a purple ugly thing
 12922 | D:10     | Noticed AverageBear's ghost (journeyman HOMo)
 13044 | D:10     | Found a staircase to the Lair.
 13067 | D:10     | Killed a purple ugly thing
 13068 | D:10     | Reached skill level 5 in Fighting
 13068 | D:10     | Reached skill level 12 in Earth Magic
 13139 | Lair:1   | Entered Level 1 of the Lair of Beasts
 13285 | Lair:1   | Learned a level 3 spell: Summon Guardian Golem
 13427 | Lair:1   | Identified the +1 pair of boots "Perataq" {Str+2}
 13690 | Lair:2   | Reached skill level 1 in Hexes
 14336 | Lair:2   | Reached skill level 10 in Conjurations
 14458 | Lair:2   | Slain by a blink frog

Illustrated notes

Levels and vault maps discovered:
D:1:      dpeg_arrival_houses_and_road, layout_basic
D:2:      layout_basic, basic_altar, minmay_misc_feat_pillars
D:3:      layout_basic
D:4:      layout_cave_pods, uniq_duvessa
D:5:      layout_rooms, lemuel_temple_firewalk_b, uniq_blork_the_orc,
          uniq_menkaure, uniq_pikel
D:6:      layout_gridville, uniq_eustachio
D:7:      layout_cave_pools
D:8:      layout_rooms, nicolae_figureground_pulse
D:9:      layout_stronghold, minivault_12
D:10:     layout_big_octagon, kennysheep_little_box, lair_entry_dummy,
          gammafunk_ghost_necromancy, kennysheep_flooded_box,
          minmay_shattered_shrine
Temple:   nicolae_temple_the_god_donut
Lair:1:   layout_misc_corridors
Lair:2:   layout_cave_pods, nicolae_shoals_entry_roost,
          minmay_snake_entry_guardpost_medium, infiniplex_staircase_pool

Skill      XL: |  1  2  3  4  5  6  7  8  9 10 11 |
---------------+----------------------------------+-----
Transmutations | 1 2 |  2.9
Earth Magic    | 4 5 6 7 8 10 11 12 | 12.0
Spellcasting   | 3 4 5 6 7 8 9 |  9.4
Conjurations   | 1 3 5 7 9 10 | 10.0
Fighting       | 4 5 |  5.9
Stealth        | 4 |  4.1
Hexes          | 2 |  2.1
Dodging        | 2 |  2.0

Action                     |  1- 3 |  4- 6 |  7- 9 | 10-12 || total
---------------------------+-------+-------+-------+-------++-------
  Melee: Unarmed           |     3 |       |       |       ||     3
         Dagger            |     3 |    27 |    84 |    68 ||   182
         Punch             |       |     1 |     2 |     2 ||     5
   Cast: Sandblast         |    46 |    43 |    23 |     5 ||   117
         Stone Arrow       |       |     9 |    63 |   136 ||   208
         Foxfire           |       |       |    12 |    44 ||    56
         Necrotise         |       |       |       |     5 ||     5
  Evoke: Wand              |       |    15 |     6 |    15 ||    36
    Use: Potion            |       |       |     8 |     5 ||    13
         Scroll            |       |       |     3 |    16 ||    19
 Armour: Robe              |     3 |    20 |    45 |    48 ||   116
  Dodge: Dodged            |     5 |    34 |    75 |    80 ||   194
  Block: Other             |       |       |    17 |    20 ||    37
